 Dungeon Crawl Stone Soup version 0.19-a0-722-g27ac516 (webtiles) character file.

72 TheGoonsmith the Gusty (level 4, 0/36 HPs)
             Began as a Tengu Air Elementalist on June 21, 2016.
             Slain by an adder (3 damage)
             ... on level 3 of the Dungeon.
             The game lasted 00:03:38 (2514 turns).

TheGoonsmith the Gusty (Tengu Air Elementalist)     Turns: 2514, Time: 00:03:38

Health: 0/36       AC:  2    Str: 13    XL:     4   Next: 26%
Magic:  12/17      EV: 12    Int: 17    God:
Gold:   86         SH:  0    Dex: 14    Spells: 3 memorised, 2 levels left

rFire  . . .     SeeInvis .     w - +0 mace (crush)
rCold  . . .     Gourm    .     a - +0 robe
rNeg   . . .     Faith    .     (no shield)
rPois  .         Spirit   .     (helmet restricted)
rElec  .         Dismiss  .     (no cloak)
rCorr  .         Reflect  .     (no gloves)
SustAt .         Harm     .     (boots unavailable)
MR     .....                    (no amulet)
Stlth  ..........               (no ring)
                                i - ring of magical power

@: berserking, lethally poisoned (0 -> -6), repel missiles, very quick, not
resistant to hostile enchantments, extremely unstealthy
A: beak, talons 3
a: no special abilities


You were on level 3 of the Dungeon.
You were not hungry.

You visited 1 branch of the dungeon, and saw 3 of its levels.

You collected 86 gold pieces.

Inventory:

Hand Weapons
 d - a +0 dagger
 w - a +0 mace of crushing (weapon)
 x - a +0 dagger of holy wrath
Armour
 a - a +0 robe (worn)
Jewellery
 i - a ring of magical power (left hand)
Scrolls
 f - 2 scrolls of teleportation {unknown}
 g - 6 scrolls of remove curse {unknown}
 j - a scroll of blinking {unknown}
 l - a scroll of amnesia {unknown}
 m - a scroll of recharging {unknown}
 r - 3 scrolls of identify {unknown}
 v - a scroll of fear {unknown}
 y - a scroll of immolation {unknown}
Potions
 e - a potion of might {unknown}
 h - a potion of haste {unknown}
 k - a potion of berserk rage
 o - a potion of agility {unknown}
 q - a potion of flight {unknown}
 s - a potion of curing {unknown}
 z - a potion of brilliance {unknown}
Books
 b - a book of Air

   Spells                             Type                      Level
   a - Shock                          Conjuration/Air              1
   b - Swiftness                      Charms/Air                   2
   c - Repel Missiles                 Charms/Air                   2
   d - Static Discharge               Conjuration/Air              3
   e - Lightning Bolt                 Conjuration/Air              5
 t - a book of Fire

   Spells                             Type                      Level
   a - Ignite Poison                  Fire/Transmutation/Poison    3
   b - Fireball                       Conjuration/Fire             5
   c - Bolt of Fire                   Conjuration/Fire             6
   d - Delayed Fireball               Conjuration/Fire             7
   e - Ring of Flames                 Charms/Fire                  7
Comestibles
 c - 4 bread rations
 n - a slice of pizza
 p - 5 fruits
 u - a chunk of flesh


   Skills:
 - Level 2.1 Dodging
 - Level 2.0 Stealth
 + Level 2.5 Spellcasting
 * Level 2.9 Conjurations
 * Level 5.5 Air Magic


You had 2 spell levels left.
You knew the following spells:

 Your Spells              Type           Power        Failure   Level  Hunger
a - Shock                 Conj/Air       ###.         3%          1    #......
r - Repel Missiles        Chrm/Air       ##....       12%         2    ##.....
s - Static Discharge      Conj/Air       ###.....     12%         3    ###....


Dungeon Overview and Level Annotations

Branches:
Dungeon (3/15)

Altars:


Innate Abilities, Weirdness & Mutations

You have a beak for a mouth.
You have claws for feet.


Message History

You are poisoned.
The adder poisons you! The adder bites you.
* * * LOW HITPOINT WARNING * * *
You are lethally poisoned!
The adder poisons you!
It was a potion of berserk rage.
A red film seems to cover your vision as you go berserk!
You feel yourself moving faster!
You feel mighty!
* * * LOW HITPOINT WARNING * * *
You feel sick. The adder barely misses you.
You closely miss the adder. Your kick misses the adder.
The adder is heavily wounded.
* * * LOW HITPOINT WARNING * * *
You feel sick. The adder bites you.
* * * LOW HITPOINT WARNING * * *
You miss the adder. You claw the adder. Your peck misses the adder.
The adder is heavily wounded.
* * * LOW HITPOINT WARNING * * *
You feel sick. The adder bites you.
You die...

....#....#.......#
#.###.####.......#
#.###.####...##.##
#..#....##.####..#
...#.......# ##.#
...#......## #.#
.........#######.#
..............##.#
.........####.##@#
.......).####.##S#
..............##..
.............<.###.
.........##.(.. .#
..............# #
.......##......
......>.###...#
.........<#...#


You could see an adder.

Vanquished Creatures
  An adder (D:3)
  An ooze (D:3)
  A worm (D:3)
  A dart slug (D:1)
  A giant gecko (D:2)
  3 bats (D:1)
  5 giant cockroaches
  6 goblins
  5 hobgoblins
  5 jackals (D:1)
  12 kobolds
  A ball python (D:2)
  7 giant newts
  4 rats
53 creatures vanquished.

Notes
Turn   | Place    | Note
--------------------------------------------------------------
     0 | D:1      | TheGoonsmith the Tengu Air Elementalist began the quest for the Orb.
     0 | D:1      | Reached XP level 1. HP: 10/10 MP: 4/4
   310 | D:1      | Reached XP level 2. HP: 13/15 MP: 1/6
   907 | D:1      | Reached XP level 3. HP: 19/19 MP: 3/7
  1382 | D:2      | Reached skill level 5 in Air Magic
  1621 | D:2      | Learned a level 3 spell: Static Discharge
  1624 | D:2      | Learned a level 2 spell: Repel Missiles
  2282 | D:3      | Reached XP level 4. HP: 24/24 MP: 8/8
  2514 | D:3      | Slain by an adder

Vault maps used:
D:1:      saegor_arrival_simple_e

Skill      XL: |  1  2  3 |
---------------+----------+-----
Conjurations   | 2 |  2.9
Air Magic      | 5 |  5.5
Dodging        | |  2.1
Stealth        | |  2.0
Spellcasting   | |  2.5

Action                   |  1- 3 |  4- 6 || total
-------------------------+-------+-------++-------
Melee: Dagger            |    26 |       ||    26
       Peck              |     4 |       ||     4
       Kick              |     5 |     1 ||     6
       Unarmed           |     1 |       ||     1
       Mace              |       |     2 ||     2
 Cast: Shock             |    97 |    23 ||   120
       Repel Missiles    |     1 |       ||     1
  Use: Potion            |       |     1 ||     1
  Eat: Chunk             |     6 |     1 ||     7
Armor: Robe              |     7 |       ||     7
Dodge: Dodged            |    29 |     2 ||    31
